[Event "Saturday Night Round Robin 3m+1s Starts at 2200hrs ST No Late Joins Possilbe"]
[Site "Infinity Chess"]
[Date "2018.1.27"]
[Round "2"]
[White "tris77"]
[Black "xeonrocks"]
[Result "0-1 "]
[ECO "C65"]
[WhiteElo "2406"]
[BlackElo "2509"]
[WhiteEngine "stockfish_18012416_x64_modern_CTG"]
[BlackEngine "asmFishW_CTG"]
[EventType "Round Robin"]
[WhiteTeam ""]
[BlackTeam ""]
[PlyCount "384"]
[TimeControl "180+1"]

1. e4 e5 2. Nf3 Nc6 3. Bb5 Nf6 4. O-O Nxe4 5. d4 Nd6 6. Bxc6 dxc6 7. dxe5 Nf5 
8. Qxd8+ Kxd8 9. Nc3 Bd7 10. Rd1 Kc8 11. Ng5 Be8 12. Rd3 b6 13. g4 Ne7 
14. Be3 Ng6 15. f4 h5 16. gxh5 Rxh5 17. Rad1 Be7 18. Nge4 Rh8 19. a4 Kb7 
20. a5 f6 21. Ra1 Rd8 22. Rxd8 Bxd8 23. Rd1 Kc8 24. exf6 gxf6 25. Ra1 Nh4 
26. Bf2 Bg6 27. axb6 axb6 28. Ra8+ Kd7 29. Nxf6+ Bxf6 30. Rxh8 Bxh8 
31. Bxh4 Bxc2 32. Bf2 c5 33. Kf1 c4 34. Ke2 c5 35. Kd2 Bg6 36. Kc1 Kc6 
37. Nd1 b5 38. Ne3 c3 39. bxc3 Bxc3 40. h4 Bg7 41. Ng4 Bf5 42. Ne3 Bd3 
43. Be1 b4 44. Ng4 Kb5 45. Ne5 Bf5 46. h5 c4 47. Kb2 Bh6 48. Bd2 c3+ 
49. Bxc3 bxc3+ 50. Kxc3 Kc5 51. Ng6 Bg4 52. Kd3 Bxh5 53. Ne5 Kd5 54. Nd7 Bg7 
55. Nb6+ Kc5 56. Na4+ Kb4 57. Nb6 Kb5 58. Nd5 Kc5 59. Ne3 Bg6+ 60. Ke2 Kd4 
61. Kf2 Bf8 62. Ng2 Bb1 63. Kg3 Bd3 64. Kf3 Bb1 65. Nh4 Bd6 66. Ng2 Bf8 
67. Ne3 Be4+ 68. Kf2 Bc6 69. Ng2 Bc5 70. Kg3 Ke4 71. Nh4 Bd7 72. Ng2 Bb6 
73. Nh4 Ke3 74. Ng2+ Ke2 75. f5 Bc6 76. Nf4+ Ke3 77. Ne6 Bd5 78. Kg4 Ke4 
79. Kg5 Ke5 80. Kg6 Be4 81. Ng7 Bc5 82. Kg5 Ba3 83. Kg6 Bb1 84. Kf7 Bc2 
85. Kg6 Bb1 86. Kf7 Bd3 87. Kg6 Bb2 88. Kf7 Bc3 89. Kg6 Kd6 90. Kf7 Bc4+ 
91. Ne6 Bb3 92. Kg6 Bc2 93. Ng7 Ke7 94. Nh5 Be5 95. Ng7 Ba4 96. Nh5 Bb3 
97. f6+ Kf8 98. Kf5 Bd6 99. Ke4 Bc2+ 100. Kd5 Bb8 101. Ke6 Bd1 102. Ng7 Bb3+ 
103. Kf5 Kf7 104. Kg5 Bc7 105. Nf5 Bc2 106. Ne3 Bb1 107. Nc4 Bg6 108. Nd2 Bc2 
109. Nf3 Be4 110. Nd2 Bd5 111. Kf5 Bd6 112. Ne4 Be6+ 113. Kg5 Be5 114. Nf2 Ba2 
115. Kf5 Bg3 116. Ne4 Be6+ 117. Kg5 Be5 118. Nc5 Bc4 119. Nb7 Bc7 120. Nc5 Bb5 
121. Nb3 Bd3 122. Nd2 Bc2 123. Nc4 Bh7 124. Nd2 Ke6 125. Nf3 Be4 126. Nd2 Bd5 
127. f7 Bd6 128. Kg6 Bf8 129. Kg5 Bd6 130. Kg6 Bf8 131. Kg5 Bc6 132. Kg6 Bb7 
133. Kg5 Bd5 134. Kg6 Ke5 135. Nf1 Be4+ 136. Kg5 Be7+ 137. Kh6 Kf6 138. Kh5 Bd5 
139. Kg4 Ke5 140. f8=Q Bxf8 141. Ne3 Bb7 142. Kg3 Ke4 143. Ng2 Bd6+ 144. Kf2 Bd5 
145. Ne1 Bc5+ 146. Kg3 Bf8 147. Ng2 Bd6+ 148. Kf2 Bc7 149. Ne1 Bb6+ 150. Kg3 Kf5 
151. Ng2 Kg5 152. Ne1 Bc7+ 153. Kf2 Kg4 154. Ke3 Bb6+ 155. Kd3 Bf7 156. Nc2 Bg6+ 
157. Kc3 Ba5+ 158. Kb3 Kf4 159. Nb4 Bf7+ 160. Ka4 Bb6 161. Kb5 Be3 162. Kc6 Ke5 
163. Kb5 Bh5 164. Nc2 Be2+ 165. Kb4 Bd2+ 166. Kc5 Bg5 167. Kb4 Ke4 168. Kc3 Bh4 
169. Kd2 Bg4 170. Na1 Be6 171. Nc2 Bd8 172. Na3 Ba5+ 173. Kc2 Be1 174. Nb5 Bd7 
175. Nc3+ Kd4 176. Ne2+ Kc4 177. Nc1 Ba5 178. Kb2 Bf5 179. Ka2 Kc3 180. Ne2+ Kd3 
181. Nc1+ Kc2 182. Ne2 Bb6 183. Ka3 Be3 184. Ng3 Bg6 185. Nh1 Kd1 186. Ka2 Ke2 
187. Ng3+ Kf2 188. Nh1+ Kg2 189. Kb3 Kxh1 190. Kc3 Kg2 191. Kc4 Be4 192. Kc3 Kf3 
0-1

[Event "Saturday Night Round Robin 3m+1s Starts at 2200hrs ST No Late Joins Possilbe"]
[Site "Infinity Chess"]
[Date "2018.1.27"]
[Round "2"]
[White "Dovahkiin"]
[Black "incredible"]
[Result "1/2-1/2"]
[ECO "C50"]
[WhiteElo "2457"]
[BlackElo "2482"]
[WhiteEngine "BrainFish_180113_x64_modern_CTG"]
[BlackEngine "Houdini 6"]
[EventType "Round Robin"]
[WhiteTeam ""]
[BlackTeam ""]
[PlyCount "137"]
[TimeControl "180+1"]

1. e4 e5 2. Nf3 Nc6 3. Bc4 Bc5 4. O-O d6 5. d3 Bg4 6. c3 Nf6 7. b4 Bb6 
8. Nbd2 Qd7 9. Bb3 a5 10. b5 Ne7 11. h3 Bh5 12. a4 Ng6 13. Nc4 Nh4 14. Kh2 h6 
15. Be3 Bxe3 16. fxe3 Nxf3+ 17. gxf3 b6 18. Qe1 Qe7 19. Qg3 O-O-O 20. f4 Rhe8 
21. Rf2 Nd7 22. fxe5 dxe5 23. d4 Bg6 24. Rg1 Kb8 25. Bc2 Rg8 26. Qf3 Rde8 
27. Qg4 Rgf8 28. Qe2 Qd8 29. Qf1 Rg8 30. Qg2 Re6 31. Qg3 Qe7 32. Rfg2 Bh7 
33. Rf1 Qe8 34. Qf3 Rf6 35. Qd1 Rxf1 36. Qxf1 Qe7 37. Rf2 f6 38. Nd2 Re8 
39. Qg2 Bg8 40. Qg6 Nf8 41. Qg2 g6 42. Bd1 Bf7 43. Qf1 Nh7 44. d5 h5 45. c4 g5 
46. Qd3 g4 47. hxg4 hxg4 48. Kg3 Ng5 49. Bxg4 Rg8 50. Rh2 Qb4 51. Kf2 Qxa4 
52. d6 Qb4 53. d7 Qd6 54. Qxd6 cxd6 55. Rh6 Kc7 56. Rxf6 Rg6 57. Rf5 Nxe4+ 
58. Nxe4 Rxg4 59. Nxd6 Bxc4 60. Nxc4 Rxc4 61. Rf6 a4 62. d8=Q+ Kxd8 63. Rxb6 Ke7 
64. Ra6 Rb4 65. Kf3 Rxb5 66. Rxa4 Rb3 67. Ra7+ Kd6 68. Ra6+ Kd5 69. Ra5+ 1/2-1/2

[Event "Saturday Night Round Robin 3m+1s Starts at 2200hrs ST No Late Joins Possilbe"]
[Site "Infinity Chess"]
[Date "2018.1.27"]
[Round "2"]
[White "BraveDevil"]
[Black "klasman"]
[Result "1/2-1/2"]
[ECO "D31"]
[WhiteElo "2460"]
[BlackElo "2480"]
[WhiteEngine "Cryptic AIL V2"]
[BlackEngine "asmFishW_2018-01-01_popcnt_CTG"]
[EventType "Round Robin"]
[WhiteTeam ""]
[BlackTeam ""]
[PlyCount "188"]
[TimeControl "180+1"]

1. d4 d5 2. c4 e6 3. Nc3 c6 4. e4 dxe4 5. Nxe4 Bb4+ 6. Bd2 Qxd4 7. Bxb4 Qxe4+ 
8. Ne2 Nd7 9. Qd6 Qe5 10. O-O-O Qxd6 11. Bxd6 Ndf6 12. Nc3 b6 13. Be2 Bb7 
14. g4 Ne7 15. Bf3 Rd8 16. Bg3 h6 17. h4 Rd7 18. Rhe1 Kd8 19. g5 Rxd1+ 
20. Rxd1+ Nd7 21. b4 hxg5 22. hxg5 Bc8 23. Ne4 Nf5 24. Nd6 Nxd6 25. Rxd6 Ke7 
26. Bxc6 f6 27. Rd3 e5 28. Ra3 a6 29. Re3 Nf8 30. f4 Ng6 31. gxf6+ gxf6 
32. fxe5 Nxe5 33. Bf3 Kd6 34. Be2 Be6 35. Kb2 Rc8 36. Rc3 a5 37. c5+ bxc5 
38. bxa5 Rb8+ 39. Kc1 Bxa2 40. a6 Bd5 41. Bf2 c4 42. Ra3 Kc7 43. Bh4 Rb3 
44. Ra5 Be4 45. Ra4 Kb8 46. Bxf6 Nf3 47. Bxf3 Rxf3 48. Bd4 Ka8 49. Rxc4 Bb7 
50. axb7+ Kxb7 51. Kd2 Rb3 52. Rc5 Ra3 53. Ke2 Rh3 54. Rc1 Rh2+ 55. Ke3 Ra2 
56. Ke4 Ra8 57. Rc4 Re8+ 58. Kd5 Rd8+ 59. Ke6 Rc8 60. Rb4+ Kc7 61. Kd5 Rd8+ 
62. Kc5 Re8 63. Rb6 Ra8 64. Rc6+ Kb7 65. Rb6+ Kc7 66. Rb5 Re8 67. Rb2 Ra8 
68. Rb5 Re8 69. Rb1 Ra8 70. Kc4 Ra6 71. Kb5 Re6 72. Ra1 Kd6 73. Kc4 Kd7 
74. Ra7+ Kc6 75. Ra5 Kd6 76. Rb5 Kd7 77. Be5 Kc6 78. Bd4 Kc7 79. Kd3 Kd7 
80. Rb1 Rc6 81. Rb7+ Kd6 82. Ke4 Rc8 83. Rb6+ Rc6 84. Rb4 Rc1 85. Rb6+ Rc6 
86. Rb8 Rc4 87. Rb1 Rc6 88. Rb8 Ke6 89. Be5 Rc4+ 90. Bd4 Rc6 91. Rb4 Rd6 
92. Rb5 Kd7 93. Be5 Kc6 94. Bxd6 Kxb5 1/2-1/2

[Event "Saturday Night Round Robin 3m+1s Starts at 2200hrs ST No Late Joins Possilbe"]
[Site "Infinity Chess"]
[Date "2018.1.27"]
[Round "2"]
[White "ludimilojko"]
[Black "star99"]
[Result "1/2-1/2"]
[ECO "B90"]
[WhiteElo "2361"]
[BlackElo "2447"]
[WhiteEngine "asmFishW_2018-01-12_popcnt_CTG"]
[BlackEngine "Cryptic AIL V2"]
[EventType "Round Robin"]
[WhiteTeam ""]
[BlackTeam ""]
[PlyCount "94"]
[TimeControl "180+1"]

1. e4 c5 2. Nf3 d6 3. d4 cxd4 4. Nxd4 Nf6 5. Nc3 a6 6. Be3 e5 7. Nb3 Be6 
8. f3 h5 9. Qd2 Nbd7 10. Nd5 Nxd5 11. exd5 Bf5 12. Na5 Be7 13. Be2 Bh4+ 
14. g3 Bf6 15. Nc4 Qc7 16. a4 e4 17. Bf4 Ne5 18. Bxe5 Bxe5 19. Nxe5 dxe5 
20. d6 Qd7 21. O-O O-O-O 22. f4 exf4 23. Qxf4 Bh3 24. Rfd1 Rh6 25. Qxe4 Kb8 
26. Qe7 Rxd6 27. Qxd6+ Qxd6 28. Rxd6 Rxd6 29. Bxh5 Rd2 30. Bxf7 Rg2+ 
31. Kh1 Rxc2 32. b3 Bg2+ 33. Kg1 Bf3 34. Re1 Rg2+ 35. Kf1 Rxh2 36. Re3 Bc6 
37. Re6 Rh6 38. Rxh6 gxh6 39. a5 b6 40. b4 bxa5 41. bxa5 Kc7 42. Ke2 Kd6 
43. Bc4 Bb5 44. Bxb5 axb5 45. Kd2 b4 46. Kc2 Kc5 47. Kb3 Kb5 1/2-1/2

[Event "Saturday Night Round Robin 3m+1s Starts at 2200hrs ST No Late Joins Possilbe"]
[Site "Infinity Chess"]
[Date "2018.1.27"]
[Round "1"]
[White "klasman"]
[Black "star99"]
[Result "1-0"]
[ECO "B90"]
[WhiteElo "2464"]
[BlackElo "2463"]
[WhiteEngine "asmFishW_2018-01-01_popcnt_CTG"]
[BlackEngine "Cryptic AIL V2"]
[EventType "Round Robin"]
[WhiteTeam ""]
[BlackTeam ""]
[PlyCount "143"]
[TimeControl "180+1"]

1. e4 c5 2. Nf3 d6 3. d4 cxd4 4. Nxd4 Nf6 5. Nc3 a6 6. Be3 e5 7. Nb3 Be6 
8. f3 Be7 9. Qd2 Nbd7 10. g4 O-O 11. O-O-O Qc7 12. Kb1 b5 13. a3 Nb6 14. g5 Nh5 
15. Na5 g6 16. h4 Rab8 17. Rh2 Nc4 18. Nxc4 bxc4 19. Ka1 Rfd8 20. Nd5 Bxd5 
21. exd5 Rdc8 22. c3 Rb5 23. f4 Rcb8 24. fxe5 Rxb2 25. Qxb2 Rxb2 26. Rxb2 dxe5 
27. Bb6 Qd7 28. d6 Qa4 29. dxe7 Qxd1+ 30. Ka2 Ng7 31. Bd4 Ne8 32. Be2 Qh1 
33. Rb8 Qc6 34. Bxe5 Qd7 35. Bf6 Qd2+ 36. Rb2 Qd5 37. Bf1 h6 38. Bg2 Qe6 
39. Bf3 Kh7 40. Bd1 Qc6 41. Bc2 a5 42. Rb8 Qg2 43. Kb2 Qc6 44. Bd1 Qd7 
45. Kc1 Qc6 46. Rd8 Qb5 47. Bc2 Qc6 48. Bd1 Qb5 49. Bd4 a4 50. Ra8 Qc6 
51. Rd8 Qb5 52. Ra8 Qc6 53. Rb8 Qd7 54. Bf6 Qc6 55. Bd4 Qd7 56. Bf6 h5 
57. Rb4 Qh3 58. Bxa4 Qf1+ 59. Kb2 Qe2+ 60. Ka1 Qf1+ 61. Rb1 Qf3 62. Bxe8 Qa8 
63. Rd1 Qxe8 64. Rd8 Qxd8 65. exd8=N Kg8 66. a4 Kf8 67. a5 Ke8 68. a6 Kd7 
69. a7 Kd6 70. a8=Q Kc7 71. Qb7+ Kd6 72. Qc6# 1-0

[Event "Saturday Night Round Robin 3m+1s Starts at 2200hrs ST No Late Joins Possilbe"]
[Site "Infinity Chess"]
[Date "2018.1.27"]
[Round "1"]
[White "incredible"]
[Black "BraveDevil"]
[Result "1/2-1/2"]
[ECO "D30"]
[WhiteElo "2483"]
[BlackElo "2459"]
[WhiteEngine "Houdini 6"]
[BlackEngine "Cryptic AIL V2"]
[EventType "Round Robin"]
[WhiteTeam ""]
[BlackTeam ""]
[PlyCount "158"]
[TimeControl "180+1"]

1. d4 d5 2. c4 e6 3. Nf3 Nf6 4. Nc3 c6 5. Bg5 h6 6. Bxf6 Qxf6 7. e3 Qd8 
8. Bd3 Be7 9. O-O O-O 10. Rc1 Nd7 11. Qc2 dxc4 12. Bxc4 b6 13. Rfd1 Bb7 
14. a3 Rc8 15. Ba2 Re8 16. e4 Nf8 17. Qe2 Qc7 18. Bc4 Red8 19. g3 a5 20. Bd3 Qb8 
21. Ba6 b5 22. Bxb7 Qxb7 23. Kg2 a4 24. Rc2 Nd7 25. h4 Nb6 26. Rdc1 Bf6 
27. e5 Be7 28. Kh2 Qa6 29. Kg1 Nc4 30. Rd1 Rb8 31. Kg2 Qa8 32. Rd3 Na5 
33. g4 Nb3 34. Ne4 Rd5 35. g5 Rbd8 36. Rdc3 Nxd4 37. Nxd4 Rxd4 38. Rxc6 b4 
39. axb4 Rxb4 40. gxh6 Qa5 41. f4 gxh6 42. Kh3 Kf8 43. R6c4 a3 44. bxa3 Rxc4 
45. Rxc4 Qxa3+ 46. Rc3 Qa1 47. Qf3 Qg1 48. Rb3 h5 49. Ng3 Rd2 50. Qh1 Qf2 
51. Rf3 Qd4 52. Nxh5 Rd1 53. Rf1 Rd3+ 54. Kg4 Bd8 55. Qg2 Rd2 56. Qf3 Rd3 
57. Qh1 Qb2 58. Qe4 Qd2 59. Rc1 Bxh4 60. Rb1 Be7 61. Rb8+ Rd8 62. Rxd8+ Bxd8 
63. Ng3 Qd7 64. Qc2 Qd4 65. Qc6 Qd1+ 66. Qf3 Qc2 67. f5 exf5+ 68. Nxf5 Qc4+ 
69. Kh3 Qe6 70. Qa3+ Ke8 71. Qa4+ Kf8 72. Qb4+ Ke8 73. Qg4 Qb3+ 74. Ng3 Qd5 
75. Qa4+ Qd7+ 76. Qxd7+ Kxd7 77. Kg4 Ke6 78. Kf4 Bc7 79. Kg4 Bxe5 1/2-1/2

[Event "Saturday Night Round Robin 3m+1s Starts at 2200hrs ST No Late Joins Possilbe"]
[Site "Infinity Chess"]
[Date "2018.1.27"]
[Round "1"]
[White "xeonrocks"]
[Black "Dovahkiin"]
[Result "1/2-1/2"]
[ECO "C53"]
[WhiteElo "2511"]
[BlackElo "2455"]
[WhiteEngine "asmFishW_CTG"]
[BlackEngine "BrainFish_180113_x64_modern_CTG"]
[EventType "Round Robin"]
[WhiteTeam ""]
[BlackTeam ""]
[PlyCount "105"]
[TimeControl "180+1"]

1. e4 e5 2. Nf3 Nc6 3. Bc4 Bc5 4. c3 Nf6 5. d4 exd4 6. e5 d5 7. Bb5 Ne4 
8. cxd4 Bb6 9. O-O O-O 10. h3 f6 11. Nc3 fxe5 12. Bxc6 bxc6 13. Nxe4 dxe4 
14. Qb3+ Qd5 15. Nxe5 Bxd4 16. Nxc6 Qxb3 17. axb3 Bf6 18. Ra5 Bb7 19. Rc5 Rf7 
20. Re1 Re8 21. Be3 a6 22. Rd1 Bc8 23. Rd2 h6 24. Na7 Be6 25. b4 Be7 
26. Rxc7 Bxb4 27. Rxf7 Bxf7 28. Rd4 Bc5 29. Ra4 Bxe3 30. fxe3 Rb8 31. Rxa6 Rxb2 
32. Nc8 Rb1+ 33. Kf2 Rb2+ 34. Kg3 Bc4 35. Ra1 Re2 36. Rc1 Be6 37. Rc3 Bxc8 
38. Rxc8+ Kf7 39. Rc3 Kf6 40. h4 Kg6 41. Rc6+ Kh7 42. Rc7 Rxe3+ 43. Kf4 Re2 
44. g3 Re1 45. Rc8 e3 46. Kg4 e2 47. Re8 h5+ 48. Kf3 g6 49. Rxe2 Rxe2 
50. Kxe2 Kg7 51. Ke3 Kf6 52. g4 hxg4 53. Kf4 1/2-1/2

[Event "Saturday Night Round Robin 3m+1s Starts at 2200hrs ST No Late Joins Possilbe"]
[Site "Infinity Chess"]
[Date "2018.1.27"]
[Round "1"]
[White "MrScience"]
[Black "tris77"]
[Result "1/2-1/2"]
[ECO "B90"]
[WhiteElo "2549"]
[BlackElo "2400"]
[WhiteEngine "BrainFish_x64_modern"]
[BlackEngine "stockfish_18012416_x64_modern_CTG"]
[EventType "Round Robin"]
[WhiteTeam ""]
[BlackTeam ""]
[PlyCount "302"]
[TimeControl "180+1"]

1. e4 c5 2. Nf3 d6 3. d4 cxd4 4. Nxd4 Nf6 5. Nc3 a6 6. Be3 e5 7. Nb3 Be6 
8. f4 exf4 9. Bxf4 Be7 10. Qd3 Nc6 11. O-O-O Ne5 12. Qe3 Qc7 13. Nd4 b5 
14. Nxe6 fxe6 15. Qh3 Qc8 16. Be2 O-O 17. Rhf1 Rb8 18. Be3 b4 19. Na4 Kh8 
20. Ba7 Rb7 21. Bd4 Qc6 22. Bxe5 dxe5 23. b3 Rc8 24. Bd3 Rd7 25. Qf3 a5 
26. Kb1 Rd4 27. Rde1 Nd7 28. Qe2 Rd8 29. Qg4 Rc8 30. g3 Nf6 31. Qf3 Ra8 
32. Qe2 Rc8 33. g4 Ng8 34. Rf3 Qd6 35. Ref1 Bg5 36. Qe1 Bf4 37. h4 Ne7 
38. Nb2 Nc6 39. Bb5 Qc5 40. Ba6 Rb8 41. Bc4 Qe7 42. Rd3 Rf8 43. g5 Rf7 
44. Rdf3 Rf8 45. Nd3 Rdd8 46. R3f2 Qd6 47. Qe2 Nd4 48. Qh5 Kg8 49. g6 hxg6 
50. Qxg6 Rf6 51. Qh5 Rdf8 52. Rd1 Rh6 53. Qg4 Rhf6 54. a4 Be3 55. Rg2 R8f7 
56. Ka2 Nf3 57. Rg3 Bd4 58. Qh3 Qc6 59. h5 Kh7 60. Nb2 Bxb2 61. Kxb2 Qc5 
62. Rg2 Nd4 63. Rg6 Kg8 64. Qg4 Kf8 65. h6 gxh6 66. Rh1 Ke7 67. Rgxh6 Rxh6 
68. Rxh6 Kd7 69. Rxe6 Kc7 70. Re8 Rd7 71. Qg8 Nc6 72. Rc8+ Kb7 73. Bd5 Rc7 
74. Ra8 Kb6 75. Kb1 Qc3 76. Rb8+ Ka7 77. Rc8 Kb6 78. Rxc7 Kxc7 79. Qf7+ Kd8 
80. Qf6+ Ne7 81. Qd6+ Ke8 82. Qb8+ Qc8 83. Qxe5 Qc3 84. Qb8+ Kd7 85. Qb5+ Kd8 
86. Qxa5+ Ke8 87. Qb5+ Kd8 88. Qb8+ Kd7 89. e5 Nxd5 90. Qd6+ Ke8 91. Qxd5 Qe1+ 
92. Ka2 Qc1 93. Qc5 Kf7 94. e6+ Kxe6 95. a5 Kd7 96. a6 Qa3+ 97. Kb1 Qxa6 
98. Qxb4 Qg6 99. Qd4+ Kc7 100. b4 Qa6 101. c3 Qe2 102. Qc5+ Kb7 103. Qd5+ Kb6 
104. Kc1 Kc7 105. b5 Qf2 106. c4 Kb8 107. Qd6+ Kc8 108. Qc6+ Kb8 109. Qe8+ Ka7 
110. Qd7+ Kb8 111. Qd6+ Ka7 112. Qe7+ Ka8 113. Qe4+ Kb8 114. Qd3 Kc7 
115. Qe4 Kb8 116. Qd3 Kc7 117. Qc2 Qd4 118. Kb1 Qc5 119. Qc3 Qf2 120. Qc2 Qe1+ 
121. Ka2 Qb4 122. Qb3 Qd6 123. Qc3 Kd8 124. c5 Qd7 125. b6 Qa4+ 126. Kb2 Qc6 
127. Qd4+ Kc8 128. Ka3 Qb5 129. Qd5 Qa5+ 130. Kb3 Qb5+ 131. Kc3 Qa5+ 
132. Kd3 Qb5+ 133. Ke3 Qb2 134. Qc6+ Kd8 135. Qc7+ Ke8 136. b7 Qc3+ 
137. Ke4 Qc4+ 138. Ke5 Qc3+ 139. Kd5 Qf3+ 140. Kc4 Qe2+ 141. Kb4 Qb2+ 
142. Ka5 Qa1+ 143. Kb4 Qb1+ 144. Ka3 Qc1+ 145. Ka2 Qc2+ 146. Ka1 Qa4+ 
147. Kb1 Qb3+ 148. Ka1 Qa3+ 149. Kb1 Qb3+ 150. Ka1 Qa3+ 151. Kb1 Qb3+ 1/2-1/2

[Event "Saturday Night Round Robin 3m+1s Starts at 2200hrs ST No Late Joins Possilbe"]
[Site "Infinity Chess"]
[Date "2018.1.27"]
[Round "1"]
[White "Gilgamesch"]
[Black "ludimilojko"]
[Result "1-0"]
[ECO "C50"]
[WhiteElo "2551"]
[BlackElo "2370"]
[WhiteEngine "BrainFish_171005_x64_bmi2"]
[BlackEngine "asmFishW_2018-01-12_popcnt_CTG"]
[EventType "Round Robin"]
[WhiteTeam ""]
[BlackTeam ""]
[PlyCount "161"]
[TimeControl "180+1"]

1. e4 e5 2. Nf3 Nc6 3. Bc4 Bc5 4. O-O Nf6 5. d3 d6 6. c3 O-O 7. Bg5 h6 8. Bh4 a5 
9. a4 Be6 10. Nbd2 Qe7 11. Rc1 g5 12. Bg3 Ba7 13. Re1 Ne8 14. Bxe6 fxe6 
15. Nf1 Nf6 16. d4 exd4 17. cxd4 Qg7 18. e5 dxe5 19. N1d2 Nd5 20. h3 Nf4 
21. Bxf4 Rxf4 22. Qb3 Rb8 23. Qxe6+ Kh8 24. Rxc6 bxc6 25. Nxe5 Rf6 26. Qg4 Rf4 
27. Qe6 Rf6 28. Qg4 Rbf8 29. Ne4 Rf5 30. Qh5 Bxd4 31. Ng6+ Kh7 32. Nxf8+ Qxf8 
33. Qd1 c5 34. Re2 Re5 35. Qd3 Kg7 36. g4 Qe8 37. b3 Qg6 38. Qf3 Qa6 39. Kf1 Re6 
40. Ng3 Bf6 41. Nf5+ Kg6 42. Ne3 Qc6 43. Nd5 Kf7 44. Rxe6 Kxe6 45. Qf5+ Kf7 
46. Ke2 Kg7 47. Qxf6+ Qxf6 48. Nxf6 Kxf6 49. Ke3 Ke7 50. f4 gxf4+ 51. Kxf4 Ke6 
52. h4 Kf6 53. g5+ Kg6 54. h5+ Kxh5 55. gxh6 Kxh6 56. Ke5 Kg5 57. Kd5 c4 
58. bxc4 Kf6 59. c5 Ke7 60. Kc6 Kd8 61. Kb5 Kd7 62. Kxa5 Kc6 63. Kb4 Kb7 
64. Kc4 c6 65. Kd4 Kc8 66. Ke5 Kc7 67. Ke6 Kb8 68. Kd7 Kb7 69. Kd6 Ka7 
70. Kxc6 Ka6 71. Kd6 Ka5 72. c6 Kb4 73. c7 Kc3 74. Kd5 Kd2 75. Ke4 Kc3 
76. c8=Q+ Kb3 77. Kd3 Kb4 78. Qc6 Ka3 79. Kc3 Ka2 80. Qb6 Ka1 81. Qb2# 1-0

[Event "Sunday07 January Rapid Engine Tour 12+1 Rounds 9 Starts 1600 ST"]
[Site "Infinity Chess"]
[Date "2018.1.7"]
[Round "9"]
[White "Satria_Ungu"]
[Black "MarioDeMonti"]
[Result "1/2-1/2"]
[ECO "E10"]
[WhiteElo "2401"]
[BlackElo "2418"]
[WhiteEngine "Houdini 6_CTG"]
[BlackEngine "stockfish_x64_bmi2_2017_12_26_CTG"]
[EventType "Swiss"]
[WhiteTeam ""]
[BlackTeam ""]
[PlyCount "66"]
[TimeControl "720+1"]

1. d4 Nf6 2. c4 e6 3. Nf3 d5 4. Nc3 c6 5. e3 Nbd7 6. Qc2 Bd6 7. Bd3 O-O 
8. O-O dxc4 9. Bxc4 a6 10. e4 e5 11. h3 b5 12. Be2 Re8 13. Be3 Qc7 14. Rad1 exd4 
15. Nxd4 b4 16. Na4 c5 17. Nf5 Bh2+ 18. Kh1 Nxe4 19. g3 Ndf6 20. Nh6+ gxh6 
21. Kxh2 Bb7 22. Bf4 Qc6 23. Bf3 Qb5 24. Be2 Qc6 25. f3 Ng5 26. Rd6 Qxa4 
27. Qxa4 Rxe2+ 28. Kg1 Bxf3 29. Bxg5 Rg2+ 30. Kh1 Rf2+ 31. Kg1 Rg2+ 32. Kh1 Rf2+ 
33. Kg1 Rg2+ 1/2-1/2

[Event "Sunday07 January Rapid Engine Tour 12+1 Rounds 9 Starts 1600 ST"]
[Site "Infinity Chess"]
[Date "2018.1.7"]
[Round "9"]
[White "NINJA_JENGKA"]
[Black "Dovahkiin"]
[Result "1/2-1/2"]
[ECO "A06"]
[WhiteElo "2408"]
[BlackElo "2394"]
[WhiteEngine "Houdini 6_CTG"]
[BlackEngine "BrainFish_180106_x64_modern_CTG"]
[EventType "Swiss"]
[WhiteTeam ""]
[BlackTeam ""]
[PlyCount "112"]
[TimeControl "720+1"]

1. Nf3 d5 2. d4 Nf6 3. c4 e6 4. Nc3 c6 5. e3 Nbd7 6. Qc2 Bd6 7. Bd3 O-O 
8. O-O dxc4 9. Bxc4 a6 10. e4 e5 11. h3 b5 12. Be2 Re8 13. Be3 exd4 14. Nxd4 Qc7 
15. Rad1 b4 16. Na4 c5 17. Nf5 Bh2+ 18. Kh1 Nxe4 19. g3 Ndf6 20. Nh6+ gxh6 
21. Kxh2 Bb7 22. Bf4 Qc6 23. Bf3 Rac8 24. Bg2 Qb5 25. Bxh6 c4 26. f3 Ng5 
27. Bxg5 Qxg5 28. Nb6 Rc6 29. Nd7 Nh5 30. Qf2 Rg6 31. Rfe1 Rxe1 32. Qxe1 Qxg3+ 
33. Qxg3 Nxg3 34. Ne5 Re6 35. f4 Bxg2 36. Kxg3 Bc6 37. Nxc4 Bb5 38. Rd8+ Kg7 
39. Nd6 Re2 40. Nxb5 axb5 41. Rd5 b3 42. axb3 Re3+ 43. Kh4 Rxb3 44. Rg5+ Kf6 
45. Rh5 h6 46. Rxh6+ Kf5 47. Rd6 Rxb2 48. Rd5+ Ke4 49. Re5+ Kd3 50. Rf5 b4 
51. Rxf7 b3 52. Rd7+ Ke4 53. Re7+ Kxf4 54. Rb7 Rb1 55. Kh5 b2 56. h4 Kf3 1/2-1/2

[Event "Sunday07 January Rapid Engine Tour 12+1 Rounds 9 Starts 1600 ST"]
[Site "Infinity Chess"]
[Date "2018.1.7"]
[Round "9"]
[White "MGR"]
[Black "Thinker"]
[Result "1/2-1/2 "]
[ECO "C50"]
[WhiteElo "2479"]
[BlackElo "2434"]
[WhiteEngine "asmFishW_2017-11-19_bmi2"]
[BlackEngine "BrainFish_180106_x64_modern_CTG"]
[EventType "Swiss"]
[WhiteTeam ""]
[BlackTeam ""]
[PlyCount "151"]
[TimeControl "720+1"]

1. e4 e5 2. Nf3 Nc6 3. Bc4 Bc5 4. O-O Nf6 5. d3 d6 6. c3 O-O 7. Bg5 h6 8. Bh4 a6 
9. a4 g5 10. Bg3 Ba7 11. Nbd2 Nh7 12. h3 h5 13. Kh1 Kh8 14. b4 g4 15. Nh4 Qg5 
16. Kh2 Ne7 17. Qe1 Ng6 18. Nxg6+ fxg6 19. h4 Qh6 20. Rh1 g5 21. Kg1 gxh4 
22. Bxh4 Ng5 23. Nf1 Qg7 24. Rh2 Nh3+ 25. gxh3 gxh3+ 26. Kh1 Qg4 27. Qd2 Qf3+ 
28. Kg1 Qg4+ 29. Bg3 Kh7 30. d4 h4 31. Ne3 Qg5 32. Kh1 hxg3 33. Rg1 exd4 
34. cxd4 Rf3 35. Rxg3 Rxg3 36. fxg3 Qxg3 37. Rf2 Bxd4 38. Rf7+ Bg7 39. Qe2 Qg6 
40. Nf5 Bxf5 41. exf5 Qg2+ 42. Qxg2 hxg2+ 43. Kxg2 b5 44. axb5 axb5 45. Bxb5 Kh6 
46. f6 Bh8 47. Rxc7 Bxf6 48. Bd3 Ra3 49. Be4 Rb3 50. Rd7 Be5 51. Rb7 Kg5 
52. Bc6 Bd4 53. b5 Kf5 54. Kf1 Bc5 55. Ke2 Ke5 56. Kd2 Kd4 57. Ke2 Re3+ 
58. Kf2 Kc4 59. Kg2 d5 60. Rb8 Rb3 61. b6 Bxb6 62. Bxd5+ Kxd5 63. Rb7 Rb1 
64. Rd7+ Ke4 65. Re7+ Kd3 66. Rd7+ Ke4 67. Re7+ Kd3 68. Re5 Bd4 69. Re7 Rb2+ 
70. Kf3 Rb1 71. Kf4 Rf1+ 72. Kg4 Bb6 73. Re5 Kc4 74. Re4+ Kd5 75. Rf4 Rg1+ 
76. Kf5 1/2-1/2

[Event "Sunday07 January Rapid Engine Tour 12+1 Rounds 9 Starts 1600 ST"]
[Site "Infinity Chess"]
[Date "2018.1.7"]
[Round "9"]
[White "OlivierEvan"]
[Black "CoffeeOne"]
[Result "1/2-1/2"]
[ECO "D02"]
[WhiteElo "2368"]
[BlackElo "2474"]
[WhiteEngine "Houdini 6"]
[BlackEngine "ĉfish-2018-01-07"]
[EventType "Swiss"]
[WhiteTeam ""]
[BlackTeam ""]
[PlyCount "180"]
[TimeControl "720+1"]

1. d4 d5 2. Nf3 Nf6 3. Bf4 c5 4. e3 Nc6 5. Nbd2 Qb6 6. dxc5 Qxb2 7. Bd3 e6 
8. Rb1 Qa3 9. Nd4 a6 10. Nxc6 bxc6 11. O-O Bxc5 12. Nf3 O-O 13. Ne5 Qa4 
14. c4 Qxd1 15. Rfxd1 a5 16. Rb2 Bd7 17. Rb7 Ra7 18. Rdb1 Rxb7 19. Rxb7 Rd8 
20. Nxd7 Nxd7 21. Kf1 e5 22. cxd5 cxd5 23. Bg3 Bb4 24. Ra7 f6 25. a3 Bc3 
26. Bf5 Nb6 27. Rc7 d4 28. Be6+ Kh8 29. Rc6 Na4 30. exd4 Bxd4 31. f4 Re8 
32. Be1 exf4 33. Bd7 Rd8 34. Bxa5 Ra8 35. Bb4 g5 36. Ke2 h5 37. Kd3 Be5 
38. Re6 Nb2+ 39. Ke2 Kg7 40. Re8 Ra6 41. Re7+ Kg6 42. Be8+ Kf5 43. h3 Rb6 
44. Bxh5 Rc6 45. Bg4+ Kg6 46. Bf3 Rc2+ 47. Bd2 Rc5 48. Rb7 Kf5 49. Bh5 Bd4 
50. Rb4 Nc4 51. Kd3 Be3 52. Rxc4 Rd5+ 53. Kc3 Rxd2 54. Bf3 Kg6 55. Kb3 f5 
56. Rc2 Rd3+ 57. Rc3 Rd6 58. a4 Rb6+ 59. Ka3 Rb1 60. Rc2 Ra1+ 61. Kb3 Kf6 
62. Rc6+ Kg7 63. Rc7+ Kf6 64. Rc2 Ke5 65. Rc6 Rb1+ 66. Kc4 Rc1+ 67. Kb5 Rb1+ 
68. Ka5 Bd2+ 69. Ka6 Ra1 70. Rc5+ Kf6 71. Kb5 Rb1+ 72. Kc4 Rc1+ 73. Kd5 Rxc5+ 
74. Kxc5 Ke5 75. Be2 Be3+ 76. Kc6 Bd2 77. Bf3 Ke6 78. Kb5 Ke5 79. a5 Bxa5 
80. Kxa5 Kd4 81. Bd1 Kd3 82. Bf3 Kd2 83. Kb4 Ke3 84. Bd5 Kf2 85. Kc3 Kg3 
86. Bc6 g4 87. hxg4 fxg4 88. Kd2 Kf2 89. Kc2 Ke3 90. Kb3 Ke2 1/2-1/2

[Event "Sunday07 January Rapid Engine Tour 12+1 Rounds 9 Starts 1600 ST"]
[Site "Infinity Chess"]
[Date "2018.1.7"]
[Round "9"]
[White "angriff"]
[Black "hafaba"]
[Result "1/2-1/2"]
[ECO "B00"]
[WhiteElo "2384"]
[BlackElo "2420"]
[WhiteEngine "SF_64BIT_POPCNT_CTG"]
[BlackEngine "Stockfish SL 07012018 POPCNT_CTG"]
[EventType "Swiss"]
[WhiteTeam ""]
[BlackTeam ""]
[PlyCount "63"]
[TimeControl "720+1"]

1. e4 Nc6 2. d4 d5 3. e5 Bf5 4. Nf3 e6 5. c3 f6 6. Bb5 Nge7 7. exf6 gxf6 
8. Nh4 Bg6 9. O-O Qd7 10. Nd2 Nf5 11. Ndf3 O-O-O 12. Nxf5 Bxf5 13. Nh4 Be4 
14. Bf4 a6 15. Ba4 Bd6 16. Qd2 Bxf4 17. Qxf4 e5 18. Qxf6 b5 19. Bb3 exd4 
20. cxd4 Rhf8 21. Qh6 Nxd4 22. f3 Bg6 23. Nxg6 hxg6 24. Qxg6 Ne2+ 25. Kf2 Nf4 
26. Qxa6+ Kb8 27. Bc2 Qg7 28. Qxb5+ Kc8 29. Qa6+ Kb8 30. Qb5+ Kc8 31. Qa6+ Kb8 
32. Qb5+ 1/2-1/2